 Dungeon Sprint DCSS version 0.30-a0-737-gf23d94013f (webtiles) character file.

Game seed: 1716034753335802956

1108 sircluck the Grappler (level 8, -5/87 HPs)
             Began as a Troll Fighter on Feb 2, 2023.
             Slain by a centaur warrior (7 damage)
             ... in the Dungeon (Sprint I: "Red Sonja").
             The game lasted 00:04:01 (514 turns).

sircluck the Grappler (Troll Fighter)                Turns: 514, Time: 00:04:02

Health: -5/87      AC:  4    Str: 27    XL:     8   Next: 11%
Magic:  7/7        EV: 10    Int:  4    God:
Gold:   732        SH: 10    Dex:  9    Spells: 7/7 levels left

rFire   . . .      SeeInvis .      - Unarmed
rCold   . . .      Faith    .    b - +0 kite shield
rNeg    . . .      Spirit   .    a - +0 robe
rPois   .          Reflect  .    (helmet restricted)
rElec   .          Harm     .    (no cloak)
rCorr   .          Rampage  .    (gloves unavailable)
Will    .....      NoTele   +    (boots unavailable)
Stlth   +                        (no amulet)
HPRegen 1.14/turn                (no ring)
MPRegen 0.10/turn                (no ring)

@: mighty
A: large, unfitting armour, claws 3, regeneration 1, shaggy fur 1, tough skin 1
a: no special abilities


You were in the Dungeon.
You visited 1 branch You collected 732 gold pieces.

Inventory:

Hand Weapons
 h - a +1 short sword of venom
Missiles
 k - 2 curare-tipped darts (quivered)
 m - 8 stones
 n - 5 poisoned darts
Armour
 a - a +0 robe (worn)
 b - a +0 kite shield (worn)
Wands
 j - a wand of polymorph (7)
Scrolls
 e - a scroll of identify {unknown}
 i - a scroll of blinking
 l - a scroll of magic mapping {unknown}
Potions
 f - a potion of haste
 g - 2 potions of magic


   Skills:
 + Level 7.6 Fighting
 + Level 8.2 Dodging
 + Level 0.1 Stealth
 + Level 8.7 Shields
 + Level 9.0 Unarmed Combat
 + Level 0.9 Evocations


You had 7 spell levels left.
You didn't know any spells.
Your spell library was empty.

Dungeon Overview and Level Annotations

Branches:
Dungeon (1/1)

Altars:
Cheibriados
Dithmenos
Elyvilon
Fedhas
Gozag
Hepliaklqana
Kikubaaqudgha
Nemelex Xobeh
Okawaru
Qazlal
Ru
Sif Muna
Trog
Uskayaw
Vehumet
Wu Jian
Yredelemnul
Zin
The Shining One

Shops:
D **


Innate Abilities, Weirdness & Mutations

You are too large for most types of armour.
You have claws for hands.
Your natural rate of healing is unusually fast.
You are covered in fur. (AC +1)
You have tough skin. (AC +1)


Message History

* * * LOW HITPOINT WARNING * * *
The centaur warrior barely misses you.
You feel better.
The centaur warrior unwields a +0 longbow.
The centaur warrior hits you!
* * * LOW HITPOINT WARNING * * *
The centaur warrior completely misses you.
The centaur warrior hits you.
* * * LOW HITPOINT WARNING * * *
You block the centaur warrior's attack.
You feel very mighty all of a sudden. The centaur warrior closely misses you.
You block the centaur warrior's attack. The centaur warrior hits you.
* * * LOW HITPOINT WARNING * * *
The centaur warrior kicks you.
* * * LOW HITPOINT WARNING * * *
You closely miss the centaur warrior.
The centaur warrior is heavily wounded.
The centaur warrior hits you but does no damage.
You block the centaur warrior's attack. The centaur warrior hits you.
* * * LOW HITPOINT WARNING * * *
The centaur warrior kicks you.
* * * LOW HITPOINT WARNING * * *
Blink to where?
Press: ? - help, Q - select action, (/) - cycle Dir - move target, p - centaur warrior You can't see that place. [Stash: 15 gold pieces] [the floor.]
Okay, then.
Okay, then.
You barely miss the centaur warrior.
The centaur warrior is heavily wounded.
The centaur warrior is no longer moving slowly.
You block the centaur warrior's attack. The centaur warrior kicks you.
* * * LOW HITPOINT WARNING * * *
You mangle the centaur warrior!!
You kill the centaur warrior!
You hear a splash.
The centaur warrior looks more healthy.
The centaur warrior hits you!
You die...

###############
<.#..†).#..'..#
..'..#..)..#..+
..#####'#####'# ###
..####..#...#.####§$#
..#__####..##.#§~§§§#
).#_____##'#_.+§§§§§+
⌠⌠#_.∩...†..._#§§c§.#
###_..__##_.#'##@###
#_____###'#)#[§§.#
###########.####'###
∩........'..†'.....+
##++++####...#######
###.### #.#'#.#
#.....# #.....#


You could see a centaur warrior.

Vanquished Creatures
  A centaur warrior (D)
  A swamp dragon (D)
  Sigmund (D)
  A yak (D)
  A human (D)
  A wolf (D)
  A jelly (D)
  Ijyb (D)
8 creatures vanquished.

Vanquished Creatures (others)
  2 ballistomycete spores (D)
2 creatures vanquished.

Grand Total: 10 creatures vanquished

Notes
Turn   | Place    | Note
-------+----------+-------------------------------------------
     0 | D        | sircluck the Troll Fighter began the quest for the Orb.
     0 | D        | Reached XP level 1. HP: 22/22 MP: 0/0
     1 | D        | Noticed Ijyb
    51 | D        | Killed Ijyb
    52 | D        | Reached XP level 2. HP: 28/31 MP: 1/1
    63 | D        | Noticed an ogre
    64 | D        | an ogre changed into a wolf
    64 | D        | Noticed a wolf
    73 | D        | Killed a wolf
    74 | D        | Reached skill level 5 in Shields
    74 | D        | Reached skill level 4 in Unarmed Combat
    74 | D        | Reached XP level 3. HP: 12/40 MP: 2/2
    74 | D        | Reached XP level 4. HP: 15/49 MP: 3/3
   118 | D        | Noticed Sigmund
   161 | D        | Killed Sigmund
   162 | D        | Reached skill level 5 in Fighting
   162 | D        | Reached skill level 5 in Unarmed Combat
   162 | D        | Reached XP level 5. HP: 29/59 MP: 4/4
   162 | D        | Reached XP level 6. HP: 33/67 MP: 5/5
   194 | D        | Found an ornate altar of the Wu Jian Council.
   194 | D        | Found a shimmering blue altar of Sif Muna.
   196 | D        | Found a radiant altar of Vehumet.
   236 | D        | Found Puzoj's Assorted Antiques.
   236 | D        | Found an ancient bone altar of Kikubaaqudgha.
   236 | D        | Found a hazy altar of Hepliaklqana.
   236 | D        | Found a stormy altar of Qazlal.
   236 | D        | Found a hide-covered altar of Uskayaw.
   236 | D        | Found a blossoming altar of Fedhas.
   236 | D        | Found a bloodstained altar of Trog.
   236 | D        | Found an iron altar of Okawaru.
   236 | D        | Found a basalt altar of Yredelemnul.
   236 | D        | Found a glowing golden altar of the Shining One.
   236 | D        | Found a snail-covered altar of Cheibriados.
   236 | D        | Found a sacrificial altar of Ru.
   236 | D        | Found a glowing silver altar of Zin.
   236 | D        | Found a shadowy altar of Dithmenos.
   236 | D        | Found a white marble altar of Elyvilon.
   236 | D        | Noticed a yak
   243 | D        | Killed a yak
   244 | D        | Reached skill level 6 in Unarmed Combat
   244 | D        | Found an opulent altar of Gozag.
   245 | D        | Found a sparkling altar of Nemelex Xobeh.
   262 | D        | Noticed Sonja
   263 | D        | Sonja changed into Sonja the human
   263 | D        | Noticed Sonja
   278 | D        | Killed Sonja the human
   279 | D        | Reached skill level 7 in Unarmed Combat
   279 | D        | Reached XP level 7. HP: 31/76 MP: 6/6
   405 | D        | Found Daics's Assorted Antiques.
   417 | D        | Noticed a deep troll
   419 | D        | a deep troll changed into a swamp dragon
   419 | D        | Noticed a swamp dragon
   425 | D        | Killed a swamp dragon
   426 | D        | Reached skill level 9 in Unarmed Combat
   426 | D        | Reached XP level 8. HP: 11/87 MP: 7/7
   501 | D        | Noticed a centaur warrior
   503 | D        | Noticed a centaur warrior
   512 | D        | HP: 4/87 [centaur warrior (5)]
   512 | D        | HP: 1/87 [centaur warrior (3)]
   514 | D        | Killed a centaur warrior
   514 | D        | Slain by a centaur warrior

Illustrated notes

Levels and vault maps discovered:
D:        dungeon_sprint_1 [red_sonja_temple_1, red_sonja_temple_small_1]

Skill      XL: |  1  2  3  4  5  6  7 |
---------------+----------------------+-----
Fighting       | 3 4 5 6 7 |  7.6
Dodging        | 3 4 6 7 8 |  8.2
Shields        | 3 5 6 7 8 |  8.7
Unarmed Combat | 4 5 7 9 |  9.0
Stealth        | |  0.1
Evocations     | |  0.9

Action                     |  1- 3 |  4- 6 |  7- 9 || total
---------------------------+-------+-------+-------++-------
  Melee: Unarmed           |    50 |    34 |    13 ||    97
  Throw: Dart              |       |       |     3 ||     3
  Evoke: Wand              |     1 |     1 |     2 ||     4
    Use: Potion            |       |     3 |     4 ||     7
 Armour: Robe              |     3 |     5 |     3 ||    11
         Skin              |     2 |       |       ||     2
  Dodge: Dodged            |    22 |     5 |     8 ||    35
  Block: Kite shield       |     6 |     9 |     8 ||    23

Table legend: (Time is in decaauts)
 A = Elapsed time spent in this place.
 B = Non-inter-level travel time spent in this place.
 C = Inter-level travel time spent in this place.
 D = Time resting spent in this place.
 E = Time spent auto-exploring this place.
 F = Levels seen in this place.
 G = Mean time per level.
                   A        B        C        D        E       F      G
               +--------+--------+--------+--------+--------+-----+--------+
         Total |    518 |    518 |      0 |    145 |     36 |   1 |  518.0 |
       Dungeon |    518 |    518 |      0 |    145 |     36 |   1 |  518.0 |
               +--------+--------+--------+--------+--------+-----+--------+

Top non-repeatable levels by time:
       D: 518 daAuts
